AA SOUTH
JACKSON GENERALS @ TENNESSEE SMOKIES
06/25/2041
 
TOP OF THE 1ST
Jackson Generals batting - Pitching for Tennessee Smokies : RHP Adrián Chávez
Pitching: RHP Adrián Chávez
Batting: LHB José Cordero 0-0: Ball
1-0: Called Strike
1-1: Foul Ball, location: 2F
1-2: Strikes out looking
Batting: RHB Raúl Hernández 0-0: Swinging Strike
0-1: Fly out, F8 (Flyball, 8LS, EV 94.4 MPH)
Batting: LHB Ron Johns 0-0: Ball
1-0: Fly out, F8 (Flyball, 8RM, EV 93.1 MPH)
Top of the 1st over - 0 runs, 0 hits, 0 errors, 0 left on base; Jackson 0 - Tennessee 0
BOTTOM OF THE 1ST
Tennessee Smokies batting - Pitching for Jackson Generals : RHP Leonidas Calpis
Pitching: RHP Leonidas Calpis
Batting: LHB Juan De Los Santos 0-0: Called Strike
0-1: Ball
1-1: Called Strike
1-2: Foul Ball, location: 2F
1-2: Ball
2-2: Ball
3-2: SINGLE (Groundball, 56D, EV 99.4 MPH)
Batting: LHB Deron Hatfield 0-0: Ball
1-0: Swinging Strike
1-1: Foul Ball, location: 5DF
1-2: Foul Ball, location: 7LMF
1-2: Ball
2-2: Foul Ball, location: 5FF
2-2: Ball
3-2: Base on Balls
Juan De Los Santos to second
Batting: RHB Chris Morris 0-0: Ball
1-0: Foul Ball, location: 9LDF
1-1: Ground out 6-3 (Groundball, 6MS, EV 71.3 MPH)
Juan De Los Santos to third
Deron Hatfield to second
Batting: SHB Nelson Jiménez 0-0: Foul Ball, location: 23F
0-1: Ground out U3 (Groundball, 3L, EV 83.8 MPH)
Batting: LHB Eric Roach 0-0: Called Strike
0-1: SINGLE (Flyball, 5D, EV 91.9 MPH)
Juan De Los Santos scores
Deron Hatfield to third
Runner from 3rd tries for Home, SAFE, throw by LF to home
Batting: RHB Dewitt Bass 0-0: Called Strike
0-1: Foul Ball, location: 2F
0-2: Ball
1-2: Fly out, F9 (Line Drive, 9, EV 99.4 MPH)
Bottom of the 1st over - 2 runs, 2 hits, 0 errors, 1 left on base; Jackson 0 - Tennessee 2
TOP OF THE 2ND
Jackson Generals batting - Pitching for Tennessee Smokies : RHP Adrián Chávez
Batting: SHB Walt Howell 0-0: Foul Ball, location: 2F
0-1: Ball
1-1: Swinging Strike
1-2: Ball
2-2: Foul Ball, location: 7LMF
2-2: Ball
3-2: Foul Ball, location: 2LF
3-2: Base on Balls
Batting: RHB Dave Bailey 0-0: Ball
1-0: Foul Ball, location: 9LDF
1-1: Fly out, F8 (Flyball, 8RXD, EV 110.0 MPH)
Batting: LHB Randy Parker 0-0: Ball
1-0: Fielders Choice at 2nd, 6-4 (Groundball, 6, EV 103.1 MPH)
Batting: RHB Ed Ryan 0-0: Foul Ball, location: 5F
0-1: Ground out 6-3 (Groundball, 6, EV 84.4 MPH)
Top of the 2nd over - 0 runs, 0 hits, 0 errors, 1 left on base; Jackson 0 - Tennessee 2
BOTTOM OF THE 2ND
Tennessee Smokies batting - Pitching for Jackson Generals : RHP Leonidas Calpis
Batting: LHB Norberto Liñares 0-0: Ball
1-0: Bunt for hit to 23 - play at first, batter OUT! 3-4
Batting: RHB Bob Saunders 0-0: Ball
1-0: Foul Ball, location: 2F
1-1: DOUBLE (Flyball, 8LXD, EV 98.1 MPH)
Batting: RHB Alvin James 0-0: Ball
1-0: Ball
2-0: Ball
3-0: Called Strike
3-1: Foul Ball, location: 9LSF
3-2: Strikes out swinging
Batting: LHB Juan De Los Santos 0-0: Ball
1-0: Foul Ball, location: 7LMF
1-1: DOUBLE (Line Drive, 9LM, EV 110.0 MPH)
Bob Saunders scores
Batting: LHB Deron Hatfield 0-0: Ball
1-0: Ball
2-0: Fly out, F9 (Flyball, 9, EV 88.1 MPH)
Bottom of the 2nd over - 1 run, 2 hits, 0 errors, 1 left on base; Jackson 0 - Tennessee 3
TOP OF THE 3RD
Jackson Generals batting - Pitching for Tennessee Smokies : RHP Adrián Chávez
Batting: RHB Jeremy McCord 0-0: Ball
1-0: Ball
2-0: Swinging Strike
2-1: Swinging Strike
2-2: Foul Ball, location: 2F
2-2: Foul Ball, location: 2F
2-2: Strikes out swinging
Batting: RHB Artie McIntosh 0-0: Ball
1-0: Called Strike
1-1: Foul Ball, location: 9LMF
1-2: Ball
2-2: Ball
3-2: Strikes out swinging, 2-3 out at first.
Batting: LHB José Cordero 0-0: Called Strike
0-1: Swinging Strike
0-2: Ball
1-2: Strikes out looking
Top of the 3rd over - 0 runs, 0 hits, 0 errors, 0 left on base; Jackson 0 - Tennessee 3
BOTTOM OF THE 3RD
Tennessee Smokies batting - Pitching for Jackson Generals : RHP Leonidas Calpis
Batting: RHB Chris Morris 0-0: Ball
1-0: Foul Ball, location: 9LSF
1-1: Foul Ball, location: 2F
1-2: Ball
2-2: Fly out, F8 (Flyball, 8RD, EV 101.9 MPH)
Batting: SHB Nelson Jiménez 0-0: Called Strike
0-1: Ball
1-1: SINGLE (Groundball, 4MD, EV 105.0 MPH)
Batting: LHB Eric Roach 0-0: Foul Ball, location: 3FF
0-1: Ball
1-1: Fielders Choice at 2nd, 4-6 (Groundball, 4, EV 88.8 MPH)
Batting: RHB Dewitt Bass 0-0: Called Strike
0-1: DOUBLE (Flyball, 9LD, EV 98.1 MPH)
Eric Roach to third
Batting: LHB Norberto Liñares 0-0: Ball
1-0: SINGLE (Groundball, 13, EV 61.9 MPH) (infield hit)
Eric Roach scores
Dewitt Bass to third
Batting: RHB Bob Saunders 0-0: Called Strike
0-1: Ball
1-1: SINGLE (Groundball, 34D, EV 94.4 MPH)
Dewitt Bass scores
Norberto Liñares to second
Runner from 2nd tries for 3rd, SAFE, throw by RF made to third
Pitching: RHP António Ruíz
Batting: RHB Alvin James 0-0: Called Strike
0-1: Called Strike
0-2: Ball
1-2: Foul Ball, location: 9LDF
1-2: Ball
2-2: Strikes out looking
Bottom of the 3rd over - 2 runs, 4 hits, 0 errors, 2 left on base; Jackson 0 - Tennessee 5
TOP OF THE 4TH
Jackson Generals batting - Pitching for Tennessee Smokies : RHP Adrián Chávez
Batting: RHB Raúl Hernández 0-0: Ball
1-0: Called Strike
1-1: SOLO HOME RUN (Flyball, 78XD, EV 101.9 MPH), Distance : 413 ft
Batting: LHB Ron Johns 0-0: Ball
1-0: Ball
2-0: Foul Ball, location: 2F
2-1: Fly out, F7 (Flyball, 7, EV 100.6 MPH)
Batting: SHB Walt Howell 0-0: Called Strike
0-1: Ball
1-1: Swinging Strike
1-2: Ball
2-2: Ball
3-2: Strikes out swinging
Batting: RHB Dave Bailey 0-0: Ball
1-0: Ball
2-0: Foul Ball, location: 3SF
2-1: Ball
3-1: DOUBLE (Line Drive, 89D, EV 99.4 MPH)
Batting: LHB Randy Parker 0-0: Called Strike
0-1: Called Strike
0-2: Strikes out swinging
Top of the 4th over - 1 run, 2 hits, 0 errors, 1 left on base; Jackson 1 - Tennessee 5
BOTTOM OF THE 4TH
Tennessee Smokies batting - Pitching for Jackson Generals : RHP António Ruíz
Batting: LHB Juan De Los Santos 0-0: Ball
1-0: Ball
2-0: Ground out 5-3 (Groundball, 5, EV 88.8 MPH)
Batting: LHB Deron Hatfield 0-0: Swinging Strike
0-1: Called Strike
0-2: Strikes out looking
Batting: RHB Chris Morris 0-0: SOLO HOME RUN (Flyball, 7LD, EV 95.6 MPH), Distance : 361 ft
Batting: SHB Nelson Jiménez 0-0: DOUBLE (Flyball, 89XD, EV 109.4 MPH) - OUT at third base trying to stretch hit.
Bottom of the 4th over - 1 run, 2 hits, 0 errors, 0 left on base; Jackson 1 - Tennessee 6
TOP OF THE 5TH
Jackson Generals batting - Pitching for Tennessee Smokies : RHP Adrián Chávez
Batting: RHB Ed Ryan 0-0: Called Strike
0-1: Ball
1-1: Ball
2-1: Fly out, F3 (Popup, 23F, EV 79.4 MPH)
Batting: RHB Jeremy McCord 0-0: Ball
1-0: Called Strike
1-1: Ball
2-1: SINGLE (Line Drive, 89S, EV 100.0 MPH)
Batting: RHB Artie McIntosh 0-0: Ball
1-0: Fly out, F9 (Flyball, 9LM, EV 85.6 MPH)
Batting: LHB José Cordero 0-0: Foul Ball, location: 2F
0-1: Ball
1-1: Ball
2-1: Hit by Pitch
Jeremy McCord to second
Batting: RHB Raúl Hernández 0-0: Ball
1-0: Called Strike
1-1: Foul Ball, location: 3F
1-2: Strikes out swinging
Top of the 5th over - 0 runs, 1 hit, 0 errors, 2 left on base; Jackson 1 - Tennessee 6
BOTTOM OF THE 5TH
Tennessee Smokies batting - Pitching for Jackson Generals : RHP António Ruíz
Batting: LHB Eric Roach 0-0: Ball
1-0: Ball
2-0: Ball
3-0: Called Strike
3-1: Foul Ball, location: 5F
3-2: Fly out, F5 (Popup, 25, EV 83.8 MPH)
Batting: RHB Dewitt Bass 0-0: Called Strike
0-1: SINGLE (Groundball, 4MD, EV 93.8 MPH)
Batting: LHB Norberto Liñares 0-0: Called Strike
0-1: Called Strike
0-2: Fly out, F7 (Flyball, 7, EV 73.1 MPH)
Batting: RHB Bob Saunders 0-0: Called Strike
0-1: Ball
1-1: Ball
2-1: Foul Ball, location: 2F
2-2: Fly out, F7 (Flyball, 78M, EV 75.6 MPH)
Bottom of the 5th over - 0 runs, 1 hit, 0 errors, 1 left on base; Jackson 1 - Tennessee 6
TOP OF THE 6TH
Jackson Generals batting - Pitching for Tennessee Smokies : RHP Adrián Chávez
Batting: LHB Ron Johns 0-0: Ball
1-0: Swinging Strike
1-1: Foul Ball, location: 9LSFF
1-2: Ball
2-2: DOUBLE (Groundball, 3L, EV 104.4 MPH)
Pitching: RHP Greg Roach
Batting: SHB Walt Howell 0-0: Called Strike
0-1: Foul Ball, location: 5F
0-2: Ball
1-2: Strikes out looking
Batting: RHB Dave Bailey 0-0: Foul Ball, location: 9LMF
0-1: Ball
1-1: Called Strike
1-2: Foul Ball, location: 5FF
1-2: Foul Ball, location: 2F
1-2: Foul Ball, location: 5DF
1-2: Ball
2-2: Ground out 4-3 (Groundball, 4, EV 89.4 MPH)
Ron Johns to third
Batting: LHB Randy Parker 0-0: Ball
1-0: Ball
2-0: Fly out, F8 (Flyball, 78D, EV 90.6 MPH)
Top of the 6th over - 0 runs, 1 hit, 0 errors, 1 left on base; Jackson 1 - Tennessee 6
BOTTOM OF THE 6TH
Tennessee Smokies batting - Pitching for Jackson Generals : RHP António Ruíz
Batting: RHB Alvin James 0-0: SINGLE (Line Drive, 8LS, EV 91.9 MPH)
Batting: LHB Juan De Los Santos 0-0: Swinging Strike
Alvin James is caught stealing 2nd base 2-6
0-1: Fly out, F7 (Flyball, 7S, EV 83.8 MPH)
Batting: LHB Deron Hatfield 0-0: Foul Ball, location: 23F
0-1: Ball
1-1: Ball
2-1: Ball
3-1: Base on Balls
Batting: RHB Chris Morris 0-0: Ball
1-0: Ball
2-0: Ball
3-0: Called Strike
3-1: Foul Ball, location: 2F
3-2: Strikes out looking
Bottom of the 6th over - 0 runs, 1 hit, 0 errors, 1 left on base; Jackson 1 - Tennessee 6
TOP OF THE 7TH
Jackson Generals batting - Pitching for Tennessee Smokies : RHP Greg Roach
Batting: RHB Ed Ryan 0-0: Foul Ball, location: 3FF
0-1: Ground out 3-1 (Groundball, 34S, EV 85.0 MPH)
Batting: RHB Jeremy McCord 0-0: Foul Ball, location: 25FF
0-1: Ball
1-1: Ball
2-1: Called Strike
2-2: Ball
3-2: Foul Ball, location: 5F
3-2: SINGLE (Groundball, 13S, EV 65.6 MPH) (infield hit)
Batting: RHB Artie McIntosh 0-0: Fly out, F9 (Flyball, 89M, EV 92.5 MPH)
Batting: LHB José Cordero 0-0: Swinging Strike
0-1: Swinging Strike
0-2: Ball
1-2: Foul Ball, location: 5F
1-2: Fly out, F7 (Flyball, 7D, EV 80.0 MPH)
Top of the 7th over - 0 runs, 1 hit, 0 errors, 1 left on base; Jackson 1 - Tennessee 6
BOTTOM OF THE 7TH
Tennessee Smokies batting - Pitching for Jackson Generals : RHP António Ruíz
Batting: SHB Nelson Jiménez 0-0: Swinging Strike
0-1: Called Strike
0-2: Ball
1-2: Foul Ball, location: 5FF
1-2: Ball
2-2: Foul Ball, location: 5F
2-2: Ball
3-2: Strikes out looking
Batting: LHB Eric Roach 0-0: SOLO HOME RUN (Flyball, 9LD, EV 93.1 MPH), Distance : 344 ft
Batting: RHB Dewitt Bass 0-0: Called Strike
0-1: Foul Ball, location: 3SF
0-2: SOLO HOME RUN (Flyball, 78XD, EV 103.8 MPH), Distance : 432 ft
Batting: LHB Norberto Liñares 0-0: Ball
1-0: Ball
2-0: Ball
3-0: Called Strike
3-1: SINGLE (Groundball, 6MD, EV 110.0 MPH)
Pitching: RHP Vince Ray
Batting: RHB Bob Saunders 0-0: Called Strike
Norberto Liñares steals 2nd base
0-1: Ball
1-1: Ball
2-1: Ground out 5-3 (Groundball, 56S, EV 61.3 MPH)
Batting: RHB Alvin James 0-0: Ball
1-0: Ball
2-0: Called Strike
2-1: Swinging Strike
2-2: Ground out 6-3 (Groundball, 6, EV 83.8 MPH)
Bottom of the 7th over - 2 runs, 3 hits, 0 errors, 1 left on base; Jackson 1 - Tennessee 8
TOP OF THE 8TH
Jackson Generals batting - Pitching for Tennessee Smokies : RHP Greg Roach
Pinch Hitting: LHB Dave Robinson 0-0: Ball
1-0: Ball
2-0: Called Strike
2-1: Ground out 4-3 (Groundball, 4S, EV 78.8 MPH)
Pinch Hitting: RHB Luis Balderas 0-0: Swinging Strike
0-1: Called Strike
0-2: Strikes out swinging
Batting: SHB Walt Howell 0-0: Ball
1-0: Foul Ball, location: 2F
1-1: Ball
2-1: Fly out, F7 (Flyball, 78S, EV 79.4 MPH)
Top of the 8th over - 0 runs, 0 hits, 0 errors, 0 left on base; Jackson 1 - Tennessee 8
BOTTOM OF THE 8TH
Tennessee Smokies batting - Pitching for Jackson Generals : RHP Vince Ray
Now in LF: Jesús Hernández
Now in RF: Héctor Espinoza
Batting: LHB Juan De Los Santos 0-0: Called Strike
0-1: Called Strike
0-2: SINGLE (Groundball, 6MD, EV 99.4 MPH)
Batting: LHB Deron Hatfield 0-0: Called Strike
0-1: Swinging Strike
0-2: Ball
1-2: Ball
2-2: Ball
3-2: Foul Ball, location: 7LMF
3-2: Base on Balls
Juan De Los Santos to second
Batting: RHB Chris Morris 0-0: Called Strike
0-1: Foul Ball, location: 3FF
0-2: Grounds into double play, 6-4-3 (Groundball, 6, EV 85.0 MPH)
Juan De Los Santos to third
Batting: SHB Nelson Jiménez 0-0: Ball
1-0: Ball
2-0: SINGLE (Groundball, 34D, EV 96.9 MPH)
Juan De Los Santos scores
Pinch Hitting: LHB Johnathan Alexander 0-0: Ball
1-0: Called Strike
1-1: Ball
2-1: Foul Ball, location: 7LSF
2-2: SINGLE (Line Drive, 56, EV 93.8 MPH)
Nelson Jiménez to second
Batting: RHB Dewitt Bass 0-0: Called Strike
0-1: Ball
1-1: Ball
2-1: Ball
3-1: Called Strike
3-2: Foul Ball, location: 9LSF
3-2: Fly out, F8 (Flyball, 8LM, EV 89.4 MPH)
Bottom of the 8th over - 1 run, 3 hits, 0 errors, 2 left on base; Jackson 1 - Tennessee 9
TOP OF THE 9TH
Jackson Generals batting - Pitching for Tennessee Smokies : RHP Greg Roach
Now at 1B: Jorge García
Pinch Hitting: RHB Leon Rice 0-0: Called Strike
0-1: Ball
1-1: Ball
2-1: Foul Ball, location: 2F
2-2: Foul Ball, location: 2F
2-2: Ball
3-2: Fly out, F7 (Flyball, 78D, EV 106.3 MPH)
Batting: LHB Randy Parker 0-0: Ball
1-0: Ground out 5-3 (Groundball, 56, EV 103.8 MPH)
Batting: RHB Ed Ryan 0-0: Ball
1-0: Ball
2-0: SINGLE (Groundball, 34D, EV 95.6 MPH)
Batting: RHB Jeremy McCord 0-0: Foul Ball, location: 2F
0-1: Ball
1-1: Swinging Strike
1-2: Ball
2-2: Ball
3-2: Strikes out swinging
Top of the 9th over - 0 runs, 1 hit, 0 errors, 1 left on base; Jackson 1 - Tennessee 9
Monday, April 1st , 2024 - OOTP Baseball 24.10 Build 82